 Dungeon Crawl Stone Soup version 0.28.0-53-g5a82cb258f (webtiles) character file.

Game seed: 7721271334347482296

13 LynnLen the Sneak (level 2, 0/15 HPs)
             Began as a Vampire Enchanter on Aug 17, 2022.
             Constricted to death by a ball python (1 damage)
             ... on level 1 of the Dungeon.
             The game lasted 00:01:34 (815 turns).

LynnLen the Sneak (Vampire Enchanter)                Turns: 815, Time: 00:01:34

Health: 0/15       AC:  2    Str:  7    XL:     2   Next: 24%
Magic:  5/5        EV:  9    Int: 17    God:
Gold:   50         SH:  0    Dex: 14    Spells: 5/5 levels left

rFire   . . .      SeeInvis +   a - +1 dagger
rCold   + + .      Faith    .   (no shield)
rNeg    + + +      Spirit   .   b - +0 robe
rPois   ∞          Reflect  .   (no helmet)
rElec   .          Harm     .   (no cloak)
rCorr   .          Rampage  .   (no gloves)
Will    .....                   (no boots)
Stlth   +++++.....              (no amulet)
HPRegen 0.00/turn               (no ring)
MPRegen 0.09/turn               (no ring)

@: bloodless, inhibited regen, constricted
A: bloodless, fangs 3, see invisible, vampiric 1
a: Revivify


You were on level 1 of the Dungeon.
You visited 1 branch of the dungeon, and saw 1 of its levels.

You collected 50 gold pieces.

Inventory:

Hand Weapons
 a - a +1 dagger (weapon)
Armour
 b - a +0 robe (worn)
Scrolls
 d - a scroll of immolation {unknown}
Potions
 c - a potion of invisibility
 e - 2 potions of attraction {unknown}


   Skills:
 * Level 2.2 Short Blades
 - Level 2.1 Dodging
 + Level 4.8 Stealth
 - Level 2.0 Spellcasting
 - Level 4.4 Hexes


You had 5 spell levels left.
You didn't know any spells.
Your spell library contained the following spells:

 Spells                   Type           Power      Damage    Failure   Level
 Confusing Touch          Hex            16%        N/A       10%         3
 Tukima's Dance           Hex            16%        N/A       10%         3
 Ensorcelled Hibernation  Hex/Ice        18%        N/A       12%         2
 Summon Small Mammal      Summ           4%         N/A       19%         1
 Dazzling Flash           Conj/Hex       18%        N/A       24%         3
 Summon Guardian Golem    Hex/Summ       9%         N/A       24%         3
 Sublimation of Blood     Necr           1%         N/A       28%         2
 Wereblood                Tmut           1%         N/A       28%         2
 Call Canine Familiar     Summ           1%         N/A       50%         3
 Summon Hydra             Summ           0%         N/A       100%        7


Dungeon Overview and Level Annotations

Branches:
Dungeon (1/15)

Altars:


Innate Abilities, Weirdness & Mutations

You do not regenerate when monsters are visible.
You are frail without blood (-20% HP).
You can heal yourself when you bite living creatures.
You are immune to poison.
You have razor-sharp teeth.
You have supernaturally acute eyesight. (SInv)
You are afflicted with vampirism.


Message History

You see here a rat corpse.
A goblin comes into view. It is wielding a +0 club.
A goblin is nearby!
The goblin shouts!
The goblin closely misses you.
You hit the goblin.
The goblin is severely wounded.
The goblin barely misses you.
You closely miss the goblin.
The goblin is severely wounded.
The goblin misses you.
You hit the goblin.
You kill the goblin!
You see here a +0 club.
Found a scroll labelled JEULYO QICUE.
A ball python comes into view.
You see here a scroll labelled JEULYO QICUE.
You closely miss the ball python. The ball python closely misses you. x2
You hit the ball python but do no damage.
You hit the ball python.
The ball python is moderately wounded.
The ball python barely misses you. The ball python grabs you.
The ball python constricts you. The ball python bites you.
The ball python constricts you.
You closely miss the ball python.
The ball python is moderately wounded.
The ball python bites you. The ball python constricts you.
You barely miss the ball python.
The ball python is moderately wounded.
The ball python bites you. The ball python constricts you.
You completely miss the ball python.
The ball python is moderately wounded.
The ball python bites you.
* * * LOW HITPOINT WARNING * * *
The ball python constricts you.
* * * LOW HITPOINT WARNING * * *
You closely miss the ball python. You punch the ball python.
The ball python is heavily wounded.
The ball python barely misses you. The ball python constricts you.
You die...

# #.# # ####.# #.
# #....# . #
#.#### .## # #.#
..# # #.# #.# #.#
#.# #.# #S# #.#
#@# #.# #.#
####.### #.#
#......# #?#
#.##.#.# #.#
##.##.#.# #.#
......#.########.#
##.####......)...#
#.# ############


You could see a ball python.

Vanquished Creatures
  2 giant cockroaches (D:1)
  A hobgoblin (D:1)
  A quokka (D:1)
  3 ball pythons (D:1)
  2 bats (D:1)
  A frilled lizard (D:1)
  2 goblins (D:1)
  3 rats (D:1)
15 creatures vanquished.

Notes
Turn   | Place    | Note
-------+----------+-------------------------------------------
     0 | D:1      | LynnLen the Vampire Enchanter began the quest for the Orb.
     0 | D:1      | Reached XP level 1. HP: 13/13 MP: 3/3
   574 | D:1      | Reached XP level 2. HP: 15/15 MP: 5/5
   815 | D:1      | Constricted to death by a ball python

Illustrated notes

Levels and vault maps discovered:
D:1:      dpeg_arrival_boxes_within_box, layout_loops_ring

Skill      XL: |  1 |
---------------+----+-----
Short Blades   | 2 |  2.2
Dodging        | |  2.1
Stealth        | |  4.8
Spellcasting   | |  2.0
Hexes          | |  4.4

Action                   || total
-------------------------++-------
Melee: Dagger            ||    45
       Bite              ||     1
       Punch             ||     1
 Abil: Exsanguinate      ||     1
 Stab: Sleeping          ||     8
Armor: Robe              ||     5
Dodge: Dodged            ||    31
